 Dungeon Crawl Stone Soup version 0.28-a0-662-g1651b1f1e0 (webtiles) character file.

Game seed: 4269186954727186890

79 SkeletonJelly the Skirmisher (level 3, -6/31 HPs)
             Began as a Demigod Fighter on Oct 14, 2021.
             Mangled by Sigmund (12 damage)
             ... on level 3 of the Dungeon.
             The game lasted 00:02:37 (2505 turns).

SkeletonJelly the Skirmisher (Demigod Fighter)      Turns: 2505, Time: 00:02:37

Health: -6/31      AC:  0    Str: 21    XL:     3   Next: 97%
Magic:  5/5        EV: 17    Int: 10    God:
Gold:   96         SH:  0    Dex: 18    Spells: 2/2 levels left

rFire   . . .      SeeInvis .   (weapon currently unavailable)
rCold   . . .      Faith    .   (shield currently unavailable)
rNeg    . . .      Spirit   .   (armour currently unavailable)
rPois   .          Reflect  .   (helmet currently unavailable)
rElec   .          Harm     .   (cloak currently unavailable)
rCorr   .          Rampage  .   (gloves currently unavailable)
Will    .....                   (boots currently unavailable)
Stlth   +.........              (no amulet)
HPRegen 0.10/turn               (ring currently unavailable)
MPRegen 0.09/turn               (ring currently unavailable)

@: confused, mighty, bat-form, flying, very quick
A: fast, flying, no casting, tiny, high mp 1, forlorn
a: no special abilities


You were on level 3 of the Dungeon.
You were a bat.
You visited 1 branch of the dungeon, and saw 3 of its levels.

You collected 96 gold pieces.

Inventory:

Hand Weapons
 a - a +0 war axe (melded)
Missiles
 j - 33 poisoned darts (quivered)
Armour
 b - a +0 scale mail (melded)
 c - a +0 buckler (melded)
Jewellery
 g - a ring of flight (melded)
Scrolls
 e - a scroll of vulnerability {unknown}
 f - a scroll of fear {unknown}
 i - a scroll of brand weapon {unknown}
 k - a scroll of teleportation {unknown}
 l - a scroll of enchant weapon {unknown}
Potions
 h - 3 potions of curing {unknown}
 m - a potion of lignification {unknown}


   Skills:
 + Level 3.2 Fighting
 * Level 3.1 Axes
 - Level 2.6 Armour
 + Level 3.2 Shields


You had 2 spell levels left.
You didn't know any spells.
Your spell library contained the following spells:

 Spells                   Type           Power      Damage    Failure   Level
 Corpse Rot               Necr/Air       N/A        N/A       50%         2
 Passwall                 Tmut/Erth      0%         N/A       50%         2
 Poisonous Vapours        Pois/Air       0%         N/A       50%         2
 Swiftness                Air            0%         N/A       75%         3
 Invisibility             Hex            0%         N/A       100%        6


Dungeon Overview and Level Annotations

Branches:
Dungeon (3/15)

Annotations:
D:3 Sigmund


Innate Abilities, Weirdness & Mutations

You are a bat.
You are tiny and dextrous.
You move quickly.
You are flying.
Your equipment is almost entirely melded.
You are incapable of wielding weapons or throwing items.
You cannot cast spells.
Your attributes grow dramatically as you level up.
You have an increased reservoir of magic. (+10% MP)
You shall have no god before yourself.


Message History

Found a ring mail.
Found a stone staircase leading up.
A rat comes into view.
Found 12 gold pieces.
A rat is nearby!
A rat is nearby!
A rat is nearby!
The rat barely misses you.
You slash the rat!
You kill the rat!
No target in view!
No target in view!
No target in view!
No target in view!
No target in view!
m - a ruby potion You now have 96 gold pieces (gained 12).
Key pressed, stopping explore.
Found a dagger.
You see here a +0 dagger.
A hound skeleton comes into view.
A hound skeleton is nearby!
A hound skeleton is nearby!
A hound skeleton is nearby!
A hound skeleton is nearby!
Sigmund the Dreaded comes into view.
He is wielding a +0 scythe and carrying a wand of polymorph (12).
Sigmund shouts!
The hound skeleton bites you but does no damage.
You barely miss the hound skeleton. The hound skeleton bites you.
Sigmund barely misses you. You block the hound skeleton's attack.
You take 1 damage, and have 30/31 hp.
You hit the hound skeleton.
The hound skeleton is lightly damaged.
The hound skeleton barely misses you.
Sigmund hits you from afar with a +0 scythe!
The hound skeleton barely misses you.
You take 7 damage, and have 23/31 hp.
MASSIVE DAMAGE!!
You slash the hound skeleton!
The hound skeleton is severely damaged.
The hound skeleton barely misses you. Sigmund hits you but does no damage.
The hound skeleton bites you but does no damage.
You hit the hound skeleton.
The hound skeleton is severely damaged.
The hound skeleton bites you. Sigmund barely misses you.
The hound skeleton barely misses you.
You barely miss the hound skeleton.
The hound skeleton is severely damaged.
The hound skeleton bites you but does no damage.
Sigmund closely misses you.
You slash the hound skeleton!
You destroy the hound skeleton!
Sigmund casts a spell at you. You resist with some effort.
You block Sigmund's attack.
You closely miss Sigmund.
Sigmund zaps a wand.
You resist with some effort.
You barely miss Sigmund.
Sigmund gestures wildly while chanting.
Sigmund flickers and vanishes!
Deactivating autopickup; reactivate with Ctrl-A.
No target in view!
No target in view!
No target in view!
No target in view!
No target in view!
No target in view!
You feel very mighty all of a sudden. Something hits you.
You take 2 damage, and have 21/31 hp.
You closely miss something. Something hits you but does no damage.
You closely miss something.
You hear a zap.
You turn into a bat.
Your +0 war axe melds into your body.
Your +0 buckler melds into your body.
Your +0 scale mail melds into your body.
Your ring of flight melds into your body.
You float gracefully downwards.
You barely miss something. Something barely misses you.
You bite something! You closely miss something.
You hear a zap.
Something tries to affect you, but you resist.
You hit something. Something hits you!
You take 7 damage, and have 15/31 hp.
MASSIVE DAMAGE!!
You closely miss something.
You hear some strange, mumbled words.
A magic dart appears from out of thin air!
The magic dart hits you!
* * * LOW HITPOINT WARNING * * *
You take 10 damage, and have 5/31 hp.
MASSIVE DAMAGE!!
You hit something.
You hear a zap.
Something tries to affect you, but you resist.
You closely miss something. You bite something!
You hear some strange, mumbled words.
You are confused.
You barely miss something.
You hear a zap.
Something hits you!
You die...

##..# #...# # #.#.#
#. #.#.# #. #.#.# #..
#.#.## #..###
##....#### #..{.#
#......... #.#
#.....#### ####b#
#..#.## #....# .....#
####.##.#
...#######..)....#
#.#####....#####....#
#.###...##+# #+##..
#.##..### #....##
####.+


There were no monsters in sight!

Vanquished Creatures
  A hound skeleton (D:3)
  2 worms (D:2)
  3 dart slugs
  4 bats
  6 endoplasms
  2 giant cockroaches
  5 goblins
  5 hobgoblins
  6 jackals
  3 kobolds
  A quokka (D:2)
  4 ball pythons
  A frilled lizard (D:1)
  6 rats
49 creatures vanquished.

Notes
Turn   | Place    | Note
-------+----------+-------------------------------------------
     0 | D:1      | SkeletonJelly the Demigod Fighter began the quest for the
                  | Orb.
     0 | D:1      | Reached XP level 1. HP: 18/18 MP: 3/3
   391 | D:1      | Reached XP level 2. HP: 25/25 MP: 4/4
   933 | D:1      | Reached XP level 3. HP: 21/31 MP: 5/5
  2045 | D:3      | HP: 1/31 [poisoned by a kobold]
  2483 | D:3      | Noticed Sigmund
  2505 | D:3      | Mangled by Sigmund

Illustrated notes

Levels and vault maps discovered:
D:1:      saegor_arrival_miasma, layout_loops_corners,
          corexii_item_surrounded_by_moat
D:2:      layout_rooms, basic_ecumenical_altar
D:3:      layout_loops_ring, mainiacjoe_overflow_six_doors_small,
          minmay_divided_ellipse, uniq_sigmund

Skill      XL: |  1  2  3 |
---------------+----------+-----
Axes           | 2 3 |  3.1
Fighting       | 3 |  3.2
Shields        | 3 |  3.2
Armour         | |  2.6

Action                   || total
-------------------------++-------
Melee: War axe           ||   125
       Unarmed           ||     9
  Use: Potion            ||     1
Armor: Scale mail        ||    60
Dodge: Dodged            ||    71
Block: Buckler           ||    30

Table legend: (Time is in decaauts)
 A = Elapsed time spent in this place.
 B = Non-inter-level travel time spent in this place.
 C = Inter-level travel time spent in this place.
 D = Time resting spent in this place.
 E = Time spent auto-exploring this place.
 F = Levels seen in this place.
 G = Mean time per level.
                   A        B        C        D        E       F      G
               +--------+--------+--------+--------+--------+-----+--------+
         Total |   2552 |   2461 |     91 |    294 |   1810 |   3 |  850.7 |
       Dungeon |   2552 |   2461 |     91 |    294 |   1810 |   3 |  850.7 |
               +--------+--------+--------+--------+--------+-----+--------+

Top non-repeatable levels by time:
     D:1: 1342 daAuts
     D:2: 627 daAuts
     D:3: 582 daAuts
